 Dungeon Crawl Stone Soup version 0.30-a0-777-ga9a30cbeda (webtiles) character file.

Game seed: 14406425884838144886

10306 dolemite99 the Marksfrog (level 11, -3/180 HPs)
             Began as a Barachi Hunter on Feb 14, 2023.
             Was an Elder of Lugonu.
             Slain by Erica
             ... wielding a +3 scimitar of flaming
              (4 damage)
             ... on level 10 of the Dungeon.
             The game lasted 00:18:26 (14711 turns).

dolemite99 the Marksfrog (Barachi Hunter)          Turns: 14711, Time: 00:18:27

Health: -3/180     AC: 25    Str: 13    XL:     11   Next: 60%
Magic:  8/16       EV:  2    Int: 11    God:    Lugonu [****..]
Gold:   511        SH:  0    Dex: 24    Spells: 8/10 levels left

rFire   . . .      SeeInvis .    h - +3 war axe
rCold   . . .      Faith    .    (no shield)
rNeg    . . .      Spirit   .    (body armour currently unavailable)
rPois   +          Reflect  .    (helmet currently unavailable)
rElec   .          Harm     .    (cloak currently unavailable)
rCorr   .          Rampage  .    (gloves currently unavailable)
Will    .....      NoTele   +    (boots currently unavailable) Stlth
                                 (no amulet)
HPRegen 0.50/turn                u - +6 ring of dexterity
MPRegen 0.15/turn                (no ring)

@: mighty, berserking (expiring), tree-form, attractive, slowed, studying Ranged
Weapons
A: stationary, stasis, torment immunity, boosted hp, (amphibious), (slowness 1),
(strong legs 1), +LOS
a: Renounce Religion, Depart the Abyss, Banish, Corrupt


You were on level 10 of the Dungeon.
You worshipped Lugonu.
Lugonu was greatly pleased with you.
You were a tree.
You visited 1 branch of the dungeon, and saw 10 of its levels.

You collected 511 gold pieces.

Inventory:

Hand Weapons
 a - a +1 shortbow of freezing
 g - a +0 flail
 h - a +3 war axe (weapon)
 j - a +3 dagger
 p - a +0 mace of venom
 r - a +4 whip
 t - a +0 flail of draining
 z - a +0 dagger of holy wrath
Missiles
 v - a throwing net
 C - a curare-tipped dart
Armour
 e - a +2 pair of boots (melded)
 f - a +1 pair of gloves (melded)
 D - +0 acid dragon scales (melded)
 H - a +0 cloak (melded)
Magical Staves
 n - a staff of air
Jewellery
 u - a +6 ring of dexterity (left branch)
Wands
 l - a wand of iceblast (1)
 m - a wand of polymorph (9)
Scrolls
 b - a scroll of immolation
 k - a scroll of noise
 A - a scroll of teleportation
 B - 4 scrolls of identify {@r1}
 F - a scroll of blinking {unknown}
Potions
 i - a potion of degeneration
 s - a potion of brilliance
 x - a potion of attraction
 E - a potion of berserk rage
 G - a potion of cancellation {unknown}


   Skills:
 - Level 5.4 Fighting
 - Level 15.3 Ranged Weapons
 - Level 8.5 Dodging
 - Level 0.8 Stealth
 + Level 7.8 Invocations


You had 8 spell levels left.
You knew the following spells:

 Your Spells              Type           Power      Damage    Failure   Level
a - Poisonous Vapours     Pois/Air       0%         N/A       47%         2

Your spell library contained the following spells:

 Spells                   Type           Power      Damage    Failure   Level
 Cigotuvi's Dreadful Rot  Necr/Pois/Air  0%         N/A       47%         2
 Mephitic Cloud           Conj/Pois/Air  0%         N/A       71%         3
 Ozocubu's Armour         Ice            0%         N/A       71%         3
 Blade Hands              Tmut           0%         N/A       100%        5
 Irradiate                Conj/Tmut      0%         3d11      100%        5
 Dragon Form              Tmut           0%         N/A       100%        7
 Ozocubu's Refrigeration  Ice            0%         4d7       100%        7
 Borgnjor's Revivificati  Necr           0%         N/A       100%        8
 Necromutation            Tmut/Necr      0%         N/A       100%        8
 Death's Door             Necr           0%         N/A       100%        9


Dungeon Overview and Level Annotations

Branches:
Dungeon (10/15)            Temple (0/1) D:6            Lair (0/5) D:8
    Orc: D:9-12

Altars:
Kikubaaqudgha
Okawaru
Ru
Wu Jian
Lugonu

Shops:
D:1 [   D:2 (

Annotations:
D:3 2 transporters, dolemite99's ghost, amateur DjHs
D:6 2 transporters, superbruh's ghost, novice HOFi
D:10 Erica


Innate Abilities, Weirdness & Mutations

You are a tree.
Your roots penetrate the ground, keeping you stationary.
You cannot be teleported.
You are immune to unholy pain and torment.
Your maximum health is greatly increased.
Your equipment is partially melded.
((You are amphibious.))
((You cover ground slowly.))
((You can hop short distances.))
You have an extended range of vision and can be seen from far away.


Message History

You feel very mighty all of a sudden.
Erica hits you with a +3 scimitar of flaming.
* * * LOW HITPOINT WARNING * * *
Erica burns you.
* * * LOW HITPOINT WARNING * * *
Erica gestures at you while chanting.
The bolt of poison hits you but does no damage.
You resist.
It was a potion of berserk rage.
A red film seems to cover your vision as you go berserk!
You feel yourself moving faster!
You feel mighty!
You feel less confused. Erica barely misses you.
Really attack while wielding your +1 shortbow of freezing? [Y]es or [N]o only, please.
Really attack while wielding your +1 shortbow of freezing?
Okay, then.
Your +1 shortbow of freezing stops glowing.
h - a +3 war axe (weapon)
You feel a strong urge to attack something.
Erica hits you with a +3 scimitar of flaming.
* * * LOW HITPOINT WARNING * * *
Erica burns you.
* * * LOW HITPOINT WARNING * * *
You hit Erica.
Erica is almost dead.
Erica hits you but does no damage.
You closely miss Erica.
Erica is almost dead.
Erica hits you with a +3 scimitar of flaming.
* * * LOW HITPOINT WARNING * * *
Erica burns you.
* * * LOW HITPOINT WARNING * * *
Erica hits you but does no damage.
You slash Erica!
Erica is almost dead.
Erica hits you with a +3 scimitar of flaming!
* * * LOW HITPOINT WARNING * * *
Erica burns you.
You die...

..........##+#..#+###
....................#
..................###
..........##+#..#+#
#.........# ..+
'.........# ##
'.........####
###+####.....#
#####..)@♣.....#
##......####....#
####..###.#####....#
#.....##...........#
###.###.##..#####....#
#...#....>..# #....#
#.###.#####.# ######
#.....# #.# ########
#.#


You could see Erica.

Vanquished Creatures
  A manticore (D:7)
  A kobold demonologist (D:9)
  A troll (D:8)
  A hornet (D:8)
  Prince Ribbit (D:9)
  A wraith (D:7)
  A shadow (D:10)
  3 wyverns
  Eustachio (D:4)
  12 yaks
  A steam dragon (D:6)
  Edmund (D:5)
  2 acid dragons
  4 water moccasins
  A black bear (D:6)
  2 sky beasts
  6 ice beasts
  An orc warrior (D:8)
  3 wolves (D:8)
  5 phantoms
  3 centaurs
  2 kobold brigands
  5 necrophages
  5 bullfrogs
  A gnoll sergeant (D:7)
  A scorpion (D:5)
  A water moccasin zombie (D:4)
  5 killer bees (D:8)
  2 howler monkeys
  4 electric eels (D:8)
  4 orc priests
  9 hounds
  3 gnoll boudas
  2 centaur skeletons (D:4)
  8 iguanas
  Natasha (thrice) (D:2)
  A scorpion zombie (D:4)
  Ijyb (D:3)
  7 orc wizards
  3 hound zombies (D:4)
  Robin (D:4)
  A howler monkey zombie (D:4)
  9 gnolls
  6 adders
  A white imp (D:6)
  2 adder skeletons (D:4)
  2 adder zombies (D:4)
  2 worms (D:3)
  3 dart slugs
  29 orcs
  10 ball pythons
  2 bats
  6 endoplasms
  4 giant cockroaches
  8 goblins
  9 hobgoblins
  A jackal (D:6)
  4 quokkas
  3 frilled lizards
  17 kobolds
  10 rats
249 creatures vanquished.

Vanquished Creatures (others)
  5 withered plants (D:4)
5 creatures vanquished.

Grand Total: 254 creatures vanquished

Notes
Turn   | Place    | Note
-------+----------+-------------------------------------------
     0 | D:1      | dolemite99 the Barachi Hunter began the quest for the Orb.
     0 | D:1      | Reached XP level 1. HP: 17/17 MP: 1/1
    75 | D:1      | Reached XP level 2. HP: 20/23 MP: 2/2
   160 | D:1      | Found Wusuelon's Armour Emporium.
   545 | D:2      | Reached XP level 3. HP: 24/28 MP: 3/3
   680 | D:2      | Reached skill level 5 in Ranged Weapons
   712 | D:2      | Found Wepaotwo's Antique Weapon Shoppe.
  1146 | D:2      | Found a faded altar of an unknown god.
  1260 | D:2      | Prayed at the altar of an unknown god.
  1260 | D:2      | Became a worshipper of Lugonu the Unformed
  1260 | D:2      | Reached * piety under Lugonu
  1303 | D:2      | Noticed Natasha
  1318 | D:2      | Killed Natasha
  1319 | D:2      | Reached XP level 4. HP: 13/34 MP: 4/4
  1333 | D:2      | Noticed Natasha
  1505 | D:2      | Killed Natasha
  1506 | D:2      | Reached skill level 6 in Ranged Weapons
  1874 | D:2      | Reached XP level 5. HP: 39/39 MP: 5/5
  1953 | D:2      | Noticed Natasha
  1964 | D:2      | Killed Natasha
  2170 | D:3      | You fall into a shaft and drop 1 floor!
  2175 | D:4      | Noticed Robin
  2175 | D:4      | Noticed Ijyb
  2308 | D:3      | Noticed dolemite99's ghost (amateur DjHs)
  2312 | D:3      | Found a transporter.
  2479 | D:3      | Found a transporter.
  2608 | D:3      | Reached skill level 7 in Ranged Weapons
  2608 | D:3      | Reached XP level 6. HP: 19/44 MP: 6/6
  3385 | D:3      | Reached ** piety under Lugonu
  4298 | D:5      | Entered Level 5 of the Dungeon
  4414 | D:4      | Reached skill level 8 in Ranged Weapons
  4423 | D:5      | Reached XP level 7. HP: 17/51 MP: 7/7
  5218 | D:5      | Reached skill level 9 in Ranged Weapons
  5517 | D:4      | Reached XP level 8. HP: 57/57 MP: 8/8
  5553 | D:4      | Reached skill level 10 in Ranged Weapons
  5607 | D:4      | Noticed Eustachio
  5928 | D:3      | Killed Ijyb
  6284 | D:4      | Found an iron altar of Okawaru.
  6289 | D:4      | Killed Robin
  6457 | D:4      | Found an ornate altar of the Wu Jian Council.
  6475 | D:4      | Killed Eustachio
  6790 | D:4      | Reached skill level 11 in Ranged Weapons
  7103 | D:5      | Noticed Edmund
  7198 | D:5      | Killed Edmund
  7347 | D:5      | Reached XP level 9. HP: 62/62 MP: 9/9
  7461 | D:5      | Reached *** piety under Lugonu
  7777 | D:6      | Found a transporter.
  7790 | D:6      | Reached skill level 12 in Ranged Weapons
  7803 | D:6      | Found a transporter.
  7803 | D:6      | Noticed superbruh's ghost (novice HOFi)
  7847 | D:6      | Found a staircase to the Ecumenical Temple.
  8216 | D:6      | Reached skill level 5 in Dodging
  8260 | D:6      | Identified a scroll of acquirement
  8260 | D:6      | Acquired a manual of Ranged Weapons
  8446 | D:6      | Found a sacrificial altar of Ru.
  8970 | D:7      | Found an ancient bone altar of Kikubaaqudgha.
  9102 | D:6      | Reached skill level 13 in Ranged Weapons
  9314 | D:6      | Reached **** piety under Lugonu
  9315 | D:6      | Reached XP level 10. HP: 42/68 MP: 10/10
  9823 | D:7      | Noticed a manticore
  9825 | D:7      | Noticed a boulder beetle
  9825 | D:7      | Noticed a boulder beetle
  9828 | D:7      | Killed a manticore
  9828 | D:7      | Noticed a cyclops
  9829 | D:7      | Reached skill level 14 in Ranged Weapons
  9829 | D:7      | Noticed a kobold demonologist
 10552 | D:8      | Identified the +0 leather armour of the Old World {-Tele
                  | Dex+7}
 11221 | D:8      | Found a staircase to the Lair.
 11460 | D:8      | Reached skill level 15 in Ranged Weapons
 11472 | D:8      | Reached skill level 5 in Fighting
 11646 | D:7      | Reached skill level 1 in Invocations
 12262 | D:8      | Reached XP level 11. HP: 80/80 MP: 13/13
 12569 | D:8      | Reached skill level 5 in Invocations
 13124 | D:9      | Learned a level 2 spell: Poisonous Vapours
 13507 | D:9      | Noticed Prince Ribbit
 13513 | D:9      | Killed Prince Ribbit
 13513 | D:9      | Reached ***** piety under Lugonu
 13971 | D:9      | Noticed a two-headed ogre
 13973 | D:9      | Banished a two-headed ogre
 14376 | D:10     | Entered Level 10 of the Dungeon
 14669 | D:10     | Noticed Erica
 14674 | D:10     | Noticed a two-headed ogre
 14690 | D:10     | Banished a two-headed ogre
 14711 | D:10     | HP: 1/180 [Erica/+3 scimitar of flaming (11)]
 14711 | D:10     | Slain by Erica

Illustrated notes

Levels and vault maps discovered:
D:1:      heliophobic_arrival_battle_scene, layout_rooms, serial_shops, shop,
          minmay_misc_feat_iff
D:2:      layout_loops_ring, serial_shops, shop,
          hellmonk_ecumenical_altar_zigzags, uniq_natasha
D:3:      layout_loops_corners, gammafunk_ghost_mausoleum
D:4:      layout_loops_cross, kennysheep_okawaru_gauntlet,
          nicolae_wu_jian_wuxing_cycle, serial_undead, serial_undead_e,
          serial_undead_f, serial_undead_d, serial_undead_d, serial_undead_e,
          serial_undead_c, fountainhead, nicolae_goblin_pals, uniq_eustachio
D:5:      layout_cave_pools, uniq_edmund
D:6:      layout_cave_pools, nicolae_ru_great_annihilating_truth,
          minmay_temple_entry_statues_fountains, gammafunk_ghost_arena,
          minmay_misc_feat_square
D:7:      layout_basic, nicolae_overflow_hidden_temple, minmay_the_grid_2x2
          [minmay_the_grid_square_x, minmay_the_grid_large_cup,
          minmay_the_grid_spin_star, minmay_the_grid_prize_trominoes]
D:8:      kennysheep_spiral_hall, layout_cave_pods, erik_lair_island,
          kennysheep_generic_room_7
D:9:      layout_stronghold, uniq_prince_ribbit1
D:10:     minmay_blocky_corners, layout_basic, david_orc_5, minivault_10,
          lightli_wizard_tower, uniq_erica

Skill      XL: |  1  2  3  4  5  6  7  8  9 10 11 |
---------------+----------------------------------+-----
Ranged Weapons | 5 6 7 8 9 11 13 15 | 15.3
Dodging        | 7 8 |  8.5
Fighting       | 5 |  5.4
Invocations    | 3 7 |  7.8
Stealth        | |  0.8

Action                     |  1- 3 |  4- 6 |  7- 9 | 10-12 || total
---------------------------+-------+-------+-------+-------++-------
  Melee: Unarmed           |       |       |    25 |     4 ||    29
         Shortbow          |       |       |     2 |       ||     2
         War axe           |       |       |       |     3 ||     3
   Fire: Shortbow          |    97 |   169 |   438 |   392 ||  1096
 Invoke: Banish            |       |       |       |     4 ||     4
Ability: Hop               |     1 |     1 |     2 |     2 ||     6
  Evoke: Wand              |       |       |     8 |     7 ||    15
    Use: Potion            |     2 |     2 |       |     7 ||    11
         Scroll            |       |     7 |     8 |     5 ||    20
 Armour: Leather armour    |    19 |    60 |    53 |       ||   132
         Skin              |       |     6 |     2 |     8 ||    16
         Steam dragon scal |       |       |    16 |    12 ||    28
         Troll leather arm |       |       |       |     9 ||     9
         Acid dragon scale |       |       |       |    18 ||    18
  Dodge: Dodged            |    34 |    72 |   155 |   205 ||   466

Table legend: (Time is in decaauts)
 A = Elapsed time spent in this place.
 B = Non-inter-level travel time spent in this place.
 C = Inter-level travel time spent in this place.
 D = Time resting spent in this place.
 E = Time spent auto-exploring this place.
 F = Levels seen in this place.
 G = Mean time per level.
                   A        B        C        D        E       F      G
               +--------+--------+--------+--------+--------+-----+--------+
         Total |  15805 |  14987 |    818 |   7455 |   4953 |  10 | 1580.5 |
       Dungeon |  15805 |  14987 |    818 |   7455 |   4953 |  10 | 1580.5 |
               +--------+--------+--------+--------+--------+-----+--------+

Top non-repeatable levels by time:
     D:3: 2728 daAuts
     D:8: 2256 daAuts
     D:6: 2005 daAuts
     D:9: 1802 daAuts
     D:5: 1660 daAuts
     D:2: 1614 daAuts
     D:4: 1543 daAuts
     D:7: 1057 daAuts
     D:1: 784 daAuts
    D:10: 351 daAuts
